 Dungeon Crawl Stone Soup version 0.23.2-33-g5129a83184 (webtiles) character file.

Game seed: 12867065427971851001

656 MalarOregon the Digger (level 7, -5/61 HPs)
             Began as a Ghoul Earth Elementalist on July 15, 2019.
             Slain by an iguana (14 damage)
             ... on level 5 of the Dungeon.
             The game lasted 00:08:41 (4797 turns).

MalarOregon the Digger (Ghoul Earth Elementalist)   Turns: 4797, Time: 00:08:42

Health: -5/61      AC:  2    Str: 12    XL:     7   Next: 55%
Magic:  3/9        EV: 12    Int: 12    God:
Gold:   241        SH:  3    Dex:  9    Spells: 4/10 levels left

rFire    + . .     SeeInvis .   t - +0 short sword (elec)
rCold    + + .     Gourm    .   r - +0 buckler
rNeg     + + +     Faith    .   c - +0 robe
rPois    ∞         Spirit   .   (no helmet)
rElec    .         Reflect  .   j - scarf {rC+ rF+}
rCorr    .         Harm     .   (no gloves)
MR       .....                  (no boots)
Stlth    ++........             (no amulet)
HPRegen  0.00/turn              (no ring)
MPRegen  0.11/turn              (no ring)

@: rotting
A: rotting body, claws 1, carnivore, cold resistance 1, negative energy
resistance 3, inhibited regeneration, torment resistance, unbreathing
a: no special abilities


You were on level 5 of the Dungeon.
You were not hungry.

You visited 2 branches of the dungeon, and saw 6 of its levels.

You collected 241 gold pieces.

Inventory:

Hand Weapons
 t - a +0 short sword of electrocution (weapon)
   (You took it off a kobold on level 2 of the Dungeon)
Missiles
 b - 161 stones (quivered)
Armour
 c - a +0 robe (worn)
 j - a scarf of resistance (worn)
   (You found it on level 1 of the Dungeon)
 r - a +0 buckler (worn)
   (You found it on level 4 of the Dungeon)
Scrolls
 a - 3 scrolls of remove curse {unknown}
 d - 4 scrolls of teleportation {unknown}
 h - 5 scrolls of identify {unknown}
 i - 2 scrolls of fog {unknown}
 n - a scroll of amnesia {unknown}
 o - a scroll of fear
 s - 2 scrolls of enchant armour {unknown}
Potions
 f - a potion of brilliance {unknown}
 g - a potion of agility {unknown}
 k - a potion of heal wounds {unknown}
 l - a potion of invisibility {unknown}
 m - a potion of curing {unknown}
 p - a potion of mutation {unknown}
 q - a potion of cancellation {unknown}
 u - a potion of berserk rage {unknown}
Comestibles
 e - 7 rations {!d}


   Skills:
 - Level 5.1 Fighting
 + Level 1.2 Short Blades
 + Level 2.4 Dodging
 - Level 2.1 Stealth
 + Level 1.3 Shields
 + Level 2.3 Spellcasting
 + Level 1.3 Conjurations
 + Level 1.9 Transmutations
 - Level 5.4 Earth Magic


You had 4 spell levels left.
You knew the following spells:

 Your Spells              Type           Power        Failure   Level  Hunger
a - Sandblast             Erth           ##....       4%          1    ##.....
q - Passwall              Tmut/Erth      ##......     12%         2    ###....
x - Stone Arrow           Conj/Erth      #.....       26%         3    ####...

Your spell library contained the following spells:

 Spells                   Type           Power        Failure   Level  Hunger
 Petrify                  Tmut/Erth      ##......     63%         4    #####..
 Lee's Rapid Deconstruct  Erth           ##........   73%         5    ######.


Dungeon Overview and Level Annotations

Branches:
Dungeon (5/15)             Temple (1/1) D:5

Altars:
Cheibriados
Dithmenos
Elyvilon
Fedhas
Gozag
Hepliaklqana
Makhleb
Nemelex Xobeh
Okawaru
Qazlal
Ru
Sif Muna
Trog
Uskayaw
Xom
The Shining One


Innate Abilities, Weirdness & Mutations

Your body is rotting away.
You thrive on raw meat.
You are immune to poison.
You have sharp fingernails.
You are carnivorous and can eat meat at any time.
Your flesh is cold resistant. (rC+)
You are immune to negative energy. (rN+++)
You do not regenerate when monsters are visible.
You are immune to unholy pain and torment.
You can survive without breathing.


Message History

You kill the howler monkey!
No target in view!
An iguana comes into view.
An iguana is nearby!
An iguana is nearby!
A worm comes into view.
The iguana closely misses you.
You hit the iguana. The iguana barely misses you.
You hit the iguana but do no damage. The iguana barely misses you.
You hit the iguana. The iguana bites you!
You closely miss the iguana. The iguana bites you.
You hit the iguana. The iguana misses you.
You barely miss the iguana. The iguana bites you!
* * * LOW HITPOINT WARNING * * *
Okay, then.
The iguana hisses menacingly.
Found 11 stones.
You see here a howler monkey corpse.
Aim: an iguana (heavily wounded)
The blast of sand hits the iguana but does no damage.
b - 167 stones The iguana barely misses you.
You see here a murky brown potion.
The iguana barely misses you.
Aim: an iguana (heavily wounded)
The blast of sand hits the iguana.
b - 166 stones The iguana barely misses you.
Aim: an iguana (heavily wounded)
The blast of sand hits the iguana but does no damage.
b - 165 stones The iguana barely misses you.
Aim: an iguana (heavily wounded)
The blast of sand hits the iguana.
b - 164 stones The iguana closely misses you.
Aim: an iguana (severely wounded)
The blast of sand hits the iguana but does no damage.
b - 163 stones The iguana bites you!
* * * LOW HITPOINT WARNING * * *
Aim: an iguana (severely wounded)
The blast of sand hits the iguana.
b - 162 stones The iguana misses you.
Aim: an iguana (almost dead)
The blast of sand hits the iguana but does no damage.
b - 161 stones The iguana bites you!
You die...

#........#.......# ##
#####..###.#.....# #
#..##..#...#########.#
#.†.##..##.......... #
#...###.###############
#...!.#................
#.#..w#################
#.#.#l#.............
#.#.##@.# ###########
#.#.....# .........
#.#(.......#########.
#..##..## # #.# ..# ..
... .. ..#. ### .####


You could see a worm and an iguana.

Vanquished Creatures
  An orc warrior (D:5)
  A phantom (D:2)
  An ogre (D:4)
  A scorpion (D:5)
  2 howler monkeys (D:5)
  A crimson imp (D:5)
  An orc priest (D:5)
  A hound skeleton (D:4)
  7 adders
  A shadow imp (D:5)
  An ooze (D:2)
  An adder skeleton (D:4)
  2 worms (D:3)
  5 leopard geckos
  3 orcs
  3 ball pythons
  5 giant cockroaches
  17 hobgoblins
  10 jackals
  7 kobolds
  A quokka (D:4)
  3 bats
  11 frilled lizards
  7 goblins
  A quokka skeleton (D:5)
  4 rats
98 creatures vanquished.

Notes
Turn   | Place    | Note
-------+----------+-------------------------------------------
     0 | D:1      | MalarOregon the Ghoul Earth Elementalist began the quest
                  | for the Orb.
     0 | D:1      | Reached XP level 1. HP: 14/14 MP: 2/2
   117 | D:1      | Reached skill level 1 in Fighting
   117 | D:1      | Reached XP level 2. HP: 7/23 MP: 3/3
   736 | D:2      | Reached XP level 3. HP: 19/29 MP: 0/4
  1377 | D:2      | Reached XP level 4. HP: 24/37 MP: 0/5
  1928 | D:3      | Noticed a phantom
  2231 | D:3      | Found a faded altar of an unknown god.
  2424 | D:3      | Found a sparkling altar of Nemelex Xobeh.
  2704 | D:2      | Reached XP level 5. HP: 43/45 MP: 6/6
  3046 | D:2      | Killed a phantom
  3046 | D:2      | Reached skill level 5 in Earth Magic
  3251 | D:4      | Reached XP level 6. HP: 52/53 MP: 7/7
  3262 | D:4      | Reached skill level 5 in Fighting
  3266 | D:4      | Learned a level 2 spell: Passwall
  3270 | D:4      | Learned a level 3 spell: Stone Arrow
  3492 | D:4      | Found a glowing golden altar of the Shining One.
  3581 | D:4      | Reached skill level 1 in Transmutations
  3900 | D:5      | Entered Level 5 of the Dungeon
  4100 | D:5      | Reached XP level 7. HP: 49/61 MP: 9/9
  4205 | D:5      | Found an iron altar of Okawaru.
  4255 | D:5      | Found a snail-covered altar of Cheibriados.
  4266 | D:5      | Reached skill level 1 in Short Blades
  4266 | D:5      | Reached skill level 1 in Shields
  4266 | D:5      | Reached skill level 1 in Conjurations
  4290 | D:5      | Found a staircase to the Ecumenical Temple.
  4360 | Temple   | Entered the Ecumenical Temple
  4797 | D:5      | Slain by an iguana

Skill      XL: |  1  2  3  4  5  6  7 |
---------------+----------------------+-----
Fighting       | 1 2 3 4 5 |  5.1
Earth Magic    | 4 5 |  5.4
Transmutations | 1 |  1.9
Dodging        | 2 |  2.4
Spellcasting   | 2 |  2.3
Short Blades   | 1 |  1.2
Shields        | 1 |  1.3
Conjurations   | 1 |  1.3
Stealth        | |  2.1

Action                   |  1- 3 |  4- 6 |  7- 9 || total
-------------------------+-------+-------+-------++-------
Melee: Unarmed           |   134 |   163 |       ||   297
       Short sword       |       |    81 |    41 ||   122
 Cast: Sandblast         |    15 |    17 |     7 ||    39
  Use: Scroll            |       |     3 |       ||     3
 Stab: Sleeping          |     3 |     5 |     1 ||     9
  Eat: Chunk             |    11 |    17 |     5 ||    33
Armor: Robe              |    27 |    42 |     4 ||    73
Dodge: Dodged            |    98 |   169 |    25 ||   292
Block: Buckler           |       |     4 |     5 ||     9
